 Dungeon Crawl Stone Soup version 0.29-a0-356-g7bc237e783 (webtiles) character file.

Game seed: 8212890499065405938

103 kevlar127 the Ruffian (level 4, 0/42 (45) HPs)
             Began as a Troll Berserker on Apr 26, 2022.
             Was a Priest of Trog.
             Slain by a wight
             ... wielding a +4 battleaxe
              (14 damage)
             ... in a sewer.
             The game lasted 00:06:50 (2123 turns).

kevlar127 the Ruffian (Troll Berserker)             Turns: 2123, Time: 00:06:51

HP:   0/42 (45)     AC:  4    Str: 27    XL:     4   Next: 51%
MP:   3/3           EV: 10    Int:  3    God:    Trog [***...]
Gold: 197           SH:  0    Dex:  9    Spells: 3/3 levels left

rFire   . . .      SeeInvis .     - Unarmed
rCold   . . .      Faith    .   (no shield)
rNeg    . . .      Spirit   .   a - +0 animal skin
rPois   .          Reflect  .   f - +0 hat
rElec   .          Harm     .   (no cloak)
rCorr   .          Rampage  .   (gloves unavailable)
Will    .....                   (boots unavailable)
Stlth   +.........              (no amulet)
HPRegen 0.94/turn               (no ring)
MPRegen 0.08/turn               (no ring)

@: drained
A: large, unfitting armour, claws 3, regeneration 1, shaggy fur 1, tough skin 1
a: Renounce Religion, Berserk, Trog's Hand


You were in a sewer.
You worshipped Trog.
Trog was most pleased with you.
You visited 1 branch of the dungeon, and saw 3 of its levels.
You also visited: Sewer.

You collected 197 gold pieces.

Inventory:

Missiles
 g - 86 stones (quivered)
 i - 4 poisoned darts
Armour
 a - a +0 animal skin (worn)
 f - a +0 hat (worn)
Scrolls
 b - 3 scrolls of identify {unknown}
 d - 2 scrolls of teleportation {unknown}
 e - a scroll of blinking {unknown}
 j - a scroll of immolation {unknown}
 k - a scroll of enchant armour {unknown}
 m - a scroll of enchant weapon {unknown}
Potions
 c - 2 potions of curing {unknown}
 h - 2 potions of brilliance {unknown}
 l - a potion of ambrosia {unknown}


   Skills:
 + Level 3.5 Fighting
 - Level 2.4 Dodging
 + Level 4.3 Unarmed Combat


You had 3 spell levels left.
You didn't know any spells.
Your spell library was empty.

Dungeon Overview and Level Annotations

Branches:
Dungeon (3/15)              Sewer (1/1)

Altars:


Innate Abilities, Weirdness & Mutations

You are too large for most types of armour.
You have claws for hands.
Your natural rate of healing is unusually fast.
You are covered in fur. (AC +1)
You have tough skin. (AC +1)


Message History

You scratch the endoplasm.
You kill the endoplasm!
Trog accepts your kill.
No target in view!
No target in view!
No target in view!
An ufetubus, a kobold and a wight come into view.
Found an ancient bone altar of Kikubaaqudgha.
The ufetubus shouts!
The kobold shouts!
You hear a shout! x3
A kobold comes into view. It is wielding a +0 short sword.
A kobold comes into view.
It is wielding a +2 short sword of venom.
The kobold throws a stone.
The stone hits you.
The wight moves out of view.
There are monsters nearby!
There are monsters nearby!
There are monsters nearby!
There are monsters nearby!
A bat and a shadow imp come into view.
There is an open door here.
The kobold shouts!
You hear a shout!
The bat hits you but does no damage. The bat barely misses you.
You scratch the wight but do no damage. The bat barely misses you.
You completely miss the wight. The bat hits you but does no damage.
A kobold comes into view. It is wielding a +0 club.
The wight hits you with a +4 battleaxe!
You feel drained. The ufetubus hits you. The ufetubus closely misses you.
You closely miss the wight. The bat hits you but does no damage.
The ufetubus closely misses you. The ufetubus hits you.
The wight hits you with a +4 battleaxe!
You feel drained. The kobold barely misses you. The bat barely misses you.
You are too injured to fight recklessly!
You are too injured to fight recklessly!
You are too injured to fight recklessly!
You are too injured to fight recklessly!
The kobold shouts!
You claw the ufetubus!
You kill the ufetubus!
Trog accepts your kill.
You hear a shout!
The bat misses you. The wight hits you with a +4 battleaxe!
You die...

+..≈≈≈≈≈≈≈≈≈
#.≈≈≈≈≈≈≈≈≈≈
≈.#.≈≈≈≈≈≈≈≈≈≈
≈≈K#.≈≈≈≈≈≈≈≈≈≈ ##+++#
#≈..#..≈≈≈≈≈≈≈≈≈ ##.....
#≈≈.#...≈≈≈≈≈≈≈≈
#...⌠..###.####.###≈##≈#
'.⌠...K.#...#≈≈.........
'..._KK@'...≈≈≈≈..))....
'.⌠...zb#...#≈≈.........
#...⌠.5###.####.#≈###≈≈#
##..... #≈≈.#...≈≈≈≈≈≈≈≈
##'''# #≈≈.#..≈≈≈≈≈≈≈≈≈
#≈.K. #≈≈.#..≈≈≈≈≈≈≈≈≈
#≈... #≈≈.#.≈≈≈≈≈≈≈≈≈≈
#≈... #≈≈)#.≈≈≈≈≈≈≈≈≈≈
#≈≈.'.≈≈≈≈≈≈≈≈≈


You could see a wight, a shadow imp, a bat and 4 kobolds.

Vanquished Creatures
  An adder (D:2)
  A shadow imp (Sewer)
  2 ufetubi (Sewer)
  A worm (D:2)
  A dart slug (D:2)
  An orc (D:3)
  10 endoplasms
  8 giant cockroaches
  7 goblins
  2 hobgoblins
  8 quokkas
  5 ball pythons
  5 bats
  3 frilled lizards (D:1)
  11 kobolds
  4 rats
70 creatures vanquished.

Notes
Turn   | Place    | Note
-------+----------+-------------------------------------------
     0 | D:1      | kevlar127 the Troll Berserker began the quest for the Orb.
     0 | D:1      | Reached XP level 1. HP: 22/22 MP: 0/0
   188 | D:1      | Reached XP level 2. HP: 29/29 MP: 1/1
   936 | D:2      | Reached ** piety under Trog
   948 | D:2      | Reached XP level 3. HP: 23/37 MP: 2/2
  1541 | D:3      | Found a faded altar of an unknown god.
  1632 | D:3      | Reached skill level 4 in Unarmed Combat
  1871 | D:3      | Reached XP level 4. HP: 45/45 MP: 3/3
  1876 | D:3      | Found a glowing drain.
  1903 | Sewer    | Entered a sewer
  2072 | Sewer    | Reached *** piety under Trog
  2117 | Sewer    | Found an ancient bone altar of Kikubaaqudgha.
  2123 | Sewer    | Slain by a wight

Illustrated notes

Levels and vault maps discovered:
D:1:      elethiomel_arrival_shortcut, layout_loops_ring, hangedman_decor_push
D:2:      layout_loops_ring, minmay_diced_spiral
D:3:      layout_rooms, gammafunk_temple_overflow_wave, gup_sewer_entry_pipe,
          hellmonk_ecumenical_altar_crossroads
Sewer:    kennysheep_sewer_church

Skill      XL: |  1  2  3 |
---------------+----------+-----
Fighting       | 3 |  3.5
Unarmed Combat | 4 |  4.3
Dodging        | |  2.4

Action                   |  1- 3 |  4- 6 || total
-------------------------+-------+-------++-------
Melee: Unarmed           |   123 |    51 ||   174
       Punch             |     2 |       ||     2
 Stab: Sleeping          |     2 |       ||     2
Armor: Animal skin       |    33 |    14 ||    47
Dodge: Dodged            |    63 |    28 ||    91

Table legend: (Time is in decaauts)
 A = Elapsed time spent in this place.
 B = Non-inter-level travel time spent in this place.
 C = Inter-level travel time spent in this place.
 D = Time resting spent in this place.
 E = Time spent auto-exploring this place.
 F = Levels seen in this place.
 G = Mean time per level.
                   A        B        C        D        E       F      G
               +--------+--------+--------+--------+--------+-----+--------+
         Total |   2119 |   1970 |    149 |    100 |   1353 |   4 |  529.8 |
       Dungeon |   1898 |   1749 |    149 |      0 |   1296 |   3 |  632.7 |
         Sewer |    221 |    221 |      0 |    100 |     57 |   1 |  221.0 |
               +--------+--------+--------+--------+--------+-----+--------+

Top non-repeatable levels by time:
     D:1: 917 daAuts
     D:2: 589 daAuts
     D:3: 391 daAuts
   Sewer: 221 daAuts
